 Dungeon Crawl Stone Soup version 0.31-a0-1104-g3bd3108e02 (webtiles) character file.

Game seed: 1155596600895265213

150 inmateoo the Trooper (level 5, -4/42 HPs)
             Began as a Merfolk Fighter on Dec 2, 2023.
             Slain by an ogre
             ... wielding a +0 giant spiked club
              (19 damage)
             ... on level 4 of the Dungeon.
             The game lasted 00:04:32 (2958 turns).

inmateoo the Trooper (Merfolk Fighter)              Turns: 2958, Time: 00:04:33

Health: -4/42      AC:  7    Str: 18    XL:     5   Next: 32%
Magic:  5/5        EV:  7    Int:  3    God:
Gold:   107        SH: 13    Dex: 14    Spells: 4/4 levels left

rFire   . .          .
                       - Unarmed
rCold   . . .        j - +0 tower shield
rNeg    + + .        a - +1 scale mail
rPois   .            (no helmet)
rElec   +            (no cloak)
rCorr   .            (no gloves)
SInv    .            (no boots)
Will    .....        m - amulet of Pimp {RegenMP rElec rN++ Regen+ Int-4} Stlth
                     (no ring)
HPRegen 1.07/turn    (no ring)
MPRegen 0.49/turn

%: no passive effects
@: no status effects
A: (nimble swimmer 2), mertail
a: no special abilities


You were on level 4 of the Dungeon.
You visited 1 branch of the dungeon, and saw 4 of its levels.

You collected 107 gold pieces.

Inventory:

Armour
 a - a +1 scale mail (worn)
 j - a +0 tower shield (worn)
Jewellery
 m - the amulet of Pimp (around neck) {RegenMP rElec rN++ Regen+ Int-4}
   (You found it on level 3 of the Dungeon)

   [amulet of magic regeneration]

   RegenMP:   It increases your rate of magic regeneration.
   Int-4:     It affects your intelligence (-4).
   rElec:     It insulates you from electricity.
   rN++:      It greatly protects you from negative energy.
   Regen+:    It increases your rate of health regeneration.
Wands
 i - a wand of acid (8)
Potions
 b - a potion of berserk rage
 c - a potion of might
 d - 2 potions of heal wounds
 e - a potion of brilliance
 f - a potion of mutation {unknown}
 g - 2 potions of haste {unknown}


   Skills:
 + Level 3.8 Fighting
 + Level 2.6 Armour
 + Level 2.1 Dodging
 + Level 3.4 Shields
 * Level 3.7 Unarmed Combat
 + Level 2.0 Shapeshifting


You had 4 spell levels left.
You didn't know any spells.
Your spell library contained the following spells:

 Spells                   Type           Power      Damage    Failure   Level
 Blink                    Tloc           0%         N/A       100%        2
 Lesser Beckoning         Tloc           0%         N/A       100%        2
 Momentum Strike          Conj/Tloc      0%         3d8       100%        2


Dungeon Overview and Level Annotations

Branches:
Dungeon (4/15)
 Temple: D:4-7

Altars:

Shops:
D:3 [


Innate Abilities, Weirdness & Mutations

((You are very nimble when in or above water. (Stealth+, EV+, Speed+++)))
Your lower body shifts to a powerful aquatic tail in water.


Message History

You hit the worm.
The worm is heavily wounded.
You punch the worm!
The worm is almost dead.
The worm bites you.
You hit the worm.
You kill the worm!
You see here a worm corpse.
No target in view!
An ogre and a giant cockroach come into view.
The ogre shouts!
You block the giant cockroach's attack. You block the giant cockroach's attack.
The giant cockroach bites you but does no damage.
The giant cockroach closely misses you.
Aiming: Corrosive Bolt
Press: ? - help, Shift-Dir - straight line, f - giant cockroach
Aim: a giant cockroach (71% to hit)
The bolt of acid hits the giant cockroach!
You kill the giant cockroach!
The bolt of acid hits the ogre!
The acid corrodes the ogre!
The ogre is heavily wounded.
You hit the ogre.
The ogre is heavily wounded.
You block the ogre's attack.
You closely miss the ogre.
The ogre is heavily wounded.
The ogre hits you with a +0 giant spiked club!!
Ouch! That really hurt!
* * * LOW HITPOINT WARNING * * *
You hit the ogre.
The ogre is heavily wounded.
Aiming: Corrosive Bolt
Press: ? - help, Shift-Dir - straight line, f/p - ogre
Aim: an ogre, wielding a +0 giant spiked club (heavily wounded, covered in acid, 86% to hit)
The bolt of acid hits the ogre!
The ogre seems to be corroded for longer.
The ogre is almost dead.
The ogre hits you with a +0 giant spiked club!!
You die...

.........## #.........#
#.......... #.........
#.......# #.......
#######...
#.....########.........
#..<...O@†.............
#..###################.
#


You could see an ogre (corroded).

Vanquished Creatures
  A gnoll (D:1)
  6 adders (D:2)
  2 worms
  3 dart slugs
  4 orcs (D:3)
  6 ball pythons
  5 endoplasms
  3 giant cockroaches
  6 goblins
  3 hobgoblins
  9 jackals
  3 quokkas
  6 bats
  A frilled lizard (D:2)
  3 kobolds
  5 rats
66 creatures vanquished.

Vanquished Creatures (others)
  An orc (D:3)
1 creature vanquished.

Grand Total: 67 creatures vanquished

Notes
Turn   | Place    | Note
-------+----------+-------------------------------------------
     0 | D:1      | inmateoo the Merfolk Fighter began the quest for the Orb.
     0 | D:1      | Reached XP level 1. HP: 18/18 MP: 1/1
   212 | D:1      | Reached XP level 2. HP: 15/24 MP: 2/2
   358 | D:1      | Reached skill level 1 in Dodging
   358 | D:1      | Reached XP level 3. HP: 29/29 MP: 3/3
   363 | D:1      | Reached skill level 1 in Shapeshifting
  1225 | D:2      | Reached XP level 4. HP: 29/36 MP: 4/4
  2022 | D:2      | Reached XP level 5. HP: 30/42 MP: 5/5
  2135 | D:3      | Found Xoonoa's Antique Armour Shop.
  2619 | D:3      | Identified the amulet of Pimp {RegenMP rElec rN++ Regen+
                  | Int-4}
  2948 | D:4      | Noticed an ogre
  2958 | D:4      | Slain by an ogre

Illustrated notes

Levels and vault maps discovered:
D:1:      scummos_arrival_gate, layout_loops_ring, serial_rivers,
          chequers_serial_rivers_large_a, chequers_serial_rivers_marsh,
          chequers_serial_rivers_large_b, chequers_serial_rivers_small_3,
          chequers_serial_rivers_micro_c, chequers_serial_rivers_micro_d,
          nicolae_grassy_gnolls
D:2:      layout_loops_ring
D:3:      layout_loops_cross, serial_shops, shop
D:4:      layout_cave_pods, nzn_wu_jian_contemplation,
          mainiacjoe_ossuary_entry_find_the_door

Skill      XL: |  1  2  3  4  5 |
---------------+----------------+-----
Dodging        | 1 2 |  2.1
Shapeshifting  | 1 2 |  2.0
Unarmed Combat | 3 |  3.7
Fighting       | |  3.8
Armour         | |  2.6
Shields        | |  3.4

Action                     |  1- 3 |  4- 6 || total
---------------------------+-------+-------++-------
  Melee: Unarmed           |    94 |   136 ||   230
  Evoke: Wand              |       |     2 ||     2
    Use: Scroll            |     2 |     6 ||     8
 Armour: Scale mail        |    53 |    83 ||   136
  Dodge: Dodged            |    41 |    35 ||    76
  Block: Buckler           |    12 |    10 ||    22
         Tower shield      |       |    58 ||    58

Table legend: (Time is in decaauts)
 A = Elapsed time spent in this place.
 B = Non-inter-level travel time spent in this place.
 C = Inter-level travel time spent in this place.
 D = Time resting spent in this place.
 E = Time spent auto-exploring this place.
 F = Levels seen in this place.
 G = Mean time per level.
                   A        B        C        D        E       F      G
               +--------+--------+--------+--------+--------+-----+--------+
         Total |   2920 |   2829 |     91 |    520 |   1640 |   4 |  730.0 |
       Dungeon |   2920 |   2829 |     91 |    520 |   1640 |   4 |  730.0 |
               +--------+--------+--------+--------+--------+-----+--------+

Top non-repeatable levels by time:
     D:2: 1129 daAuts
     D:1: 925 daAuts
     D:3: 743 daAuts
     D:4: 122 daAuts
